 Dungeon Crawl Stone Soup version 0.29-a0-559-g359e09b9d1 (webtiles) character file.

Game seed: 15557183249995174983

259 Pelinal the Shooter (level 5, 0/28 HPs)
             Began as a Deep Elf Arcane Marksman on June 10, 2022.
             Slain by a scorpion (4 damage)
             ... on level 4 of the Dungeon.
             The game lasted 00:05:07 (2828 turns).

Pelinal the Shooter (Deep Elf Arcane Marksman)      Turns: 2828, Time: 00:05:07

Health: 0/28       AC:  3    Str:  7    XL:     5   Next: 95%
Magic:  9/9        EV: 13    Int: 18    God:
Gold:   75         SH:  0    Dex: 17    Spells: 6/7 levels left

rFire   . . .      SeeInvis .   a - +0 shortbow
rCold   . . .      Faith    .   (shield currently unavailable)
rNeg    . . .      Spirit   .   b - +0 robe
rPois   .          Reflect  .   q - +0 helmet
rElec   .          Harm     .   (no cloak)
rCorr   .          Rampage  .   (no gloves)
Will    .....                   (no boots)
Stlth   ++........              (no amulet)
HPRegen 0.09/turn               (no ring)
MPRegen 0.11/turn               (no ring)

@: lethally poisoned (0 -> -4)
A: no striking features
a: no special abilities


You were on level 4 of the Dungeon.
You visited 1 branch of the dungeon, and saw 4 of its levels.

You collected 75 gold pieces.

Inventory:

Hand Weapons
 a - a +0 shortbow (weapon)
Armour
 b - a +0 robe (worn)
 m - a +0 leather armour
 q - a +0 helmet (worn)
Jewellery
 s - a ring of fire
Scrolls
 c - a scroll of vulnerability
 d - 5 scrolls of identify {unknown}
 f - a scroll of blinking {unknown}
 h - 4 scrolls of brand weapon {unknown}
 i - a scroll of fog {unknown}
 n - a scroll of teleportation {unknown}
 p - 2 scrolls of noise {unknown}
Potions
 e - a potion of degeneration {unknown}
 g - a potion of brilliance {unknown}
 j - a potion of curing
 l - a potion of cancellation {unknown}
 o - a potion of heal wounds {unknown}
 r - a potion of ambrosia {unknown}


   Skills:
 - Level 0.7 Fighting
 * Level 7.7 Bows
 - Level 2.4 Dodging
 + Level 2.8 Stealth
 - Level 1.5 Spellcasting
 - Level 4.0 Hexes


You had 6 spell levels left.
You knew the following spells:

 Your Spells              Type           Power      Damage    Failure   Level
a - Slow                  Hex            60%        N/A       3%          1

Your spell library contained the following spells:

 Spells                   Type           Power      Damage    Failure   Level
 Inner Flame              Hex/Fire       8%         N/A       26%         3
 Portal Projectile        Hex/Tloc       16%        N/A       26%         3
 Sublimation of Blood     Necr           1%         N/A       28%         2
 Wereblood                Tmut           1%         N/A       28%         2
 Cause Fear               Hex            7%         N/A       36%         4
 Summon Hydra             Summ           0%         N/A       100%        7


Dungeon Overview and Level Annotations

Branches:
Dungeon (4/15)
 Temple: D:4-7

Altars:
Qazlal

Shops:
D:2 =

Annotations:
D:3 Terence


Message History

You shoot an arrow. The arrow hits the scorpion.
The scorpion is lightly wounded.
You shoot an arrow. The arrow closely misses the scorpion.
You shoot an arrow. The arrow hits the scorpion.
The scorpion is moderately wounded.
You shoot an arrow.
The arrow hits the scorpion but does no damage.
The scorpion is moderately wounded.
You shoot an arrow. The arrow closely misses the scorpion.
The scorpion stings you. The scorpion barely misses you.
The scorpion attacks as you move away! The scorpion completely misses you.
Things that are here:
a +0 war axe; a +0 chain mail; an orc corpse The scorpion attacks as you move away!
The scorpion stings you. The scorpion attacks as you move away!
The scorpion stings you.
You are poisoned.
The scorpion poisons you!
You feel very sick.
Shoot: a) +0 shortbow
Press: ? - help, Q - select action, (/) - cycle Shift-Dir - straight line, f/p - scorpion
Aim: a scorpion (moderately wounded, 63% to hit)
You shoot an arrow. The arrow hits the scorpion.
The scorpion is heavily wounded.
You feel very sick. The scorpion closely misses you. x2
Shoot: a) +0 shortbow
Press: ? - help, Q - select action, (/) - cycle Shift-Dir - straight line, f/p - scorpion
Aim: a scorpion (heavily wounded, 63% to hit)
You shoot an arrow. The arrow closely misses the scorpion.
You feel sick. The scorpion stings you.
Unknown command.
Shoot: a) +0 shortbow
Press: ? - help, Q - select action, (/) - cycle Shift-Dir - straight line, f/p - scorpion
Aim: a scorpion (heavily wounded, 63% to hit)
You shoot an arrow. The arrow hits the scorpion.
The scorpion is heavily wounded.
You feel sick. The scorpion stings you.
* * * LOW HITPOINT WARNING * * *
The scorpion stings you.
You die...

#..# #......_(.
##.# ....^.(^
#.## .^.#^..#
##.# ≈..^# #.##
# #..# ##.# #.##
##@# ####s####
##....)..#
##....).>.##
#..........#
#####
##.....)....##
.....
#......).....#
.....
#..))........#
.....
#............###
.....


You could see a scorpion.

Vanquished Creatures
  A black bear (D:4)
  A bullfrog (D:4)
  4 adders
  A worm (D:2)
  2 dart slugs
  6 orcs (D:4)
  2 bats
  6 endoplasms
  3 giant cockroaches
  6 goblins
  3 hobgoblins
  4 kobolds
  A quokka (D:2)
  6 ball pythons
  4 frilled lizards
  7 rats
57 creatures vanquished.

Notes
Turn   | Place    | Note
-------+----------+-------------------------------------------
     0 | D:1      | Pelinal the Deep Elf Arcane Marksman began the quest for
                  | the Orb.
     0 | D:1      | Reached XP level 1. HP: 11/11 MP: 5/5
    56 | D:1      | Reached skill level 3 in Bows
   210 | D:1      | Reached XP level 2. HP: 16/16 MP: 6/6
   224 | D:1      | Reached skill level 4 in Bows
   856 | D:2      | Reached XP level 3. HP: 20/20 MP: 7/7
   919 | D:2      | Reached skill level 5 in Bows
  1052 | D:2      | Found Paesiseg's Jewellery Emporium.
  1375 | D:2      | Reached XP level 4. HP: 24/24 MP: 8/8
  1877 | D:3      | Reached skill level 6 in Bows
  2084 | D:3      | Noticed Terence
  2318 | D:4      | Found a stormy altar of Qazlal.
  2346 | D:4      | Noticed a black bear
  2362 | D:4      | Killed a black bear
  2363 | D:4      | Reached skill level 7 in Bows
  2363 | D:4      | Reached XP level 5. HP: 13/28 MP: 9/9
  2828 | D:4      | Slain by a scorpion

Illustrated notes

Levels and vault maps discovered:
D:1:      lemuel_arrival_lava_pool, layout_rooms
D:2:      layout_loops_corners, serial_shops, nicolae_shop_crystal,
          chequers_serial_rivers_large_a, minmay_large_rounded_square
D:3:      layout_basic, zin_academy, serial_bayou_crossing, uniq_terence
D:4:      layout_cave_pods, grunt_qazlal_sundering

Skill      XL: |  1  2  3  4 |
---------------+-------------+-----
Bows           | 3 4 5 7 |  7.7
Stealth        | 2 |  2.8
Fighting       | |  0.7
Dodging        | |  2.4
Spellcasting   | |  1.5
Hexes          | |  4.0

Action                   |  1- 3 |  4- 6 || total
-------------------------+-------+-------++-------
 Fire: Shortbow          |    85 |    76 ||   161
 Cast: Slow              |     1 |       ||     1
  Use: Potion            |       |     3 ||     3
Armor: Robe              |     4 |     7 ||    11
       Skin              |       |    13 ||    13
Dodge: Dodged            |    11 |    25 ||    36

Table legend: (Time is in decaauts)
 A = Elapsed time spent in this place.
 B = Non-inter-level travel time spent in this place.
 C = Inter-level travel time spent in this place.
 D = Time resting spent in this place.
 E = Time spent auto-exploring this place.
 F = Levels seen in this place.
 G = Mean time per level.
                   A        B        C        D        E       F      G
               +--------+--------+--------+--------+--------+-----+--------+
         Total |   2878 |   2758 |    120 |    771 |   1505 |   4 |  719.5 |
       Dungeon |   2878 |   2758 |    120 |    771 |   1505 |   4 |  719.5 |
               +--------+--------+--------+--------+--------+-----+--------+

Top non-repeatable levels by time:
     D:2: 949 daAuts
     D:1: 842 daAuts
     D:4: 554 daAuts
     D:3: 532 daAuts
